 Dungeon Crawl Stone Soup version 0.30-a0-509-gd016549fea (webtiles) character file.

Game seed: 1083688909935364191

5532 DavidChitty2 the Cleaver (level 10, -2/90 HPs)
             Began as a Minotaur Fighter on Dec 20, 2022.
             Was a Priest of Okawaru.
             Slain by a troll (9 damage)
             ... on level 9 of the Dungeon on Dec 22, 2022.
             The game lasted 00:13:06 (8752 turns).

DavidChitty2 the Cleaver (Minotaur Fighter)         Turns: 8752, Time: 00:13:07

Health: -2/90      AC: 23    Str: 31    XL:     10   Next: 43%
Magic:  12/12      EV:  6    Int: 11    God:    Okawaru [***...]
Gold:   444        SH: 17    Dex: 10    Spells: 9/9 levels left

rFire   . . .      SeeInvis .    a - +1 war axe (protect)
rCold   . . .      Faith    .    f - +3 tower shield
rNeg    . . .      Spirit   .    n - +0 chain mail
rPois   .          Reflect  .    (helmet restricted)
rElec   .          Harm     .    o - +2 cloak
rCorr   .          Rampage  .    (no gloves)
Will    .....                    i - +0 pair of boots
Stlth   ..........               F - amulet of Faaxzut {Acrobat Str+6 Int+6}
HPRegen 0.35/turn                (no ring)
MPRegen 0.13/turn                (no ring)

@: under a protective aura
A: horns 2, retaliatory headbutt
a: Renounce Religion, Heroism


You were on level 9 of the Dungeon.
You worshipped Okawaru.
Okawaru was most pleased with you.
You visited 2 branches of the dungeon, and saw 10 of its levels.
You also visited: Ossuary.

You collected 444 gold pieces.

Inventory:

Hand Weapons
 a - a +1 war axe of protection (weapon)
 b - the +7 whip of Makhleb's Condemnation {vorpal, Fly rPois rCorr Dex+4}
   (You found it on level 2 of the Dungeon)

   It inflicts extra damage upon your enemies.
   Dex:       It affects your dexterity (+4).
   rPois:     It protects you from poison.
   Fly:       It grants you flight.
   rCorr:     It protects you from acid and corrosion.
Missiles
 l - 2 throwing nets (quivered) {!f}
Armour
 f - a +3 tower shield (worn)
   (You found it on level 1 of the Dungeon)
 i - a +0 pair of boots (worn)
   (You found it on level 1 of the Dungeon)
 n - a +0 chain mail (worn)
   (You found it on level 7 of the Dungeon)
 o - a +2 cloak (worn)
   (You took it off Crazy Yiuf on level 2 of the Dungeon)
Jewellery
 F - the amulet of Faaxzut (around neck) {Acrobat Str+6 Int+6}
   (You acquired it on level 7 of the Dungeon)

   [amulet of the acrobat]

   It increases your evasion while moving and waiting.
   Str:       It affects your strength (+6).
   Int:       It affects your intelligence (+6).
Wands
 p - a wand of polymorph (13)
   (You found it on level 3 of the Dungeon)
 w - a wand of roots (14)
   (You found it on level 4 of the Dungeon)
Scrolls
 e - a scroll of immolation {unknown}
 g - 2 scrolls of fear
 j - 4 scrolls of blinking
 k - a scroll of magic mapping
 m - a scroll of torment {!r}
 q - 4 scrolls of vulnerability {!r}
 r - 5 scrolls of identify {@r1}
 s - a scroll of enchant weapon
 t - 3 scrolls of teleportation {@r4}
 B - a scroll of poison {!r}
 C - a scroll of brand weapon
Potions
 d - a potion of might
 h - 4 potions of cancellation
 u - 5 potions of curing {@q1}
 v - 3 potions of attraction {!q}
 x - 2 potions of invisibility
 z - a potion of lignification {!q}
 A - 4 potions of flight
 D - 3 potions of brilliance
 G - a potion of resistance
 H - a potion of haste {@q3}


   Skills:
 + Level 8.9 Fighting
 * Level 11.6 Axes
 + Level 8.8 Armour
 + Level 8.8 Shields
 + Level 4.2 Invocations


You had 9 spell levels left.
You didn't know any spells.
Your spell library contained the following spells:

 Spells                   Type           Power      Damage    Failure   Level
 Sandblast                Erth           0%         2d4       100%        1
 Cigotuvi's Dreadful Rot  Necr/Pois/Air  0%         N/A       100%        2
 Passwall                 Tmut/Erth      0%         N/A       100%        2
 Ignite Poison            Fire/Tmut/Pois 0%         N/A       100%        3
 Portal Projectile        Hex/Tloc       0%         N/A       100%        3
 Stone Arrow              Conj/Erth      0%         3d7       100%        3
 Dispel Undead            Necr           0%         3d6       100%        4
 Leda's Liquefaction      Hex/Erth       0%         N/A       100%        4
 Sticky Flame             Conj/Fire      0%         2d3       100%        4
 Ignition                 Fire           0%         3d3       100%        8
 Call Canine Familiar     Summ           Unusable   N/A       N/A         3
 Death Channel            Necr           Unusable   N/A       N/A         6

Dungeon Overview and Level Annotations

Branches:
Dungeon (9/15)             Temple (1/1) D:7            Lair (0/5) D:8
Ossuary (visited)
    Orc: D:9-12

Altars:
Ashenzari
Cheibriados
Dithmenos
Elyvilon
Fedhas
Gozag
Hepliaklqana
Kikubaaqudgha
Makhleb
Okawaru
Qazlal
Ru
Sif Muna
Trog
Uskayaw
Vehumet
Wu Jian
Yredelemnul
Zin
The Shining One

Annotations:
D:6 1 runed translucent door, tilp's ghost, amateur MeFi


Innate Abilities, Weirdness & Mutations

You have a pair of horns on your head.
You reflexively headbutt those who attack you in melee.


Message History

You whack the troll! Your headbutt misses the troll.
You block the troll's attack. The troll barely misses you.
The troll claws you but does no damage. The boulder beetle hits you!!
* * * LOW HITPOINT WARNING * * *
The boulder beetle stops rolling and uncurls.
The yak gores you.
* * * LOW HITPOINT WARNING * * *
You barely miss the boulder beetle. You block the troll's attack.
The troll claws you but does no damage. The troll claws you.
* * * LOW HITPOINT WARNING * * *
The boulder beetle bites you!
* * * LOW HITPOINT WARNING * * *
The yak snorts and paws the ground.
You block the yak's attack.
You float gracefully downwards.
Your +1 war axe of protection hums with potential!
a - a +1 war axe of protection (weapon)
The boulder beetle barely misses you. You block the troll's attack.
The troll claws you but does no damage. You block the troll's attack.
The yak gores you but does no damage.
You feel much better. You block the troll's attack.
The troll claws you but does no damage. You block the troll's attack.
The boulder beetle bites you!
* * * LOW HITPOINT WARNING * * *
The yak snorts and paws the ground.
The yak barely misses you.
You hit the boulder beetle but do no damage.
Your weapon exudes an aura of protection.
You slash the troll! You hit the yak. The troll bites you.
* * * LOW HITPOINT WARNING * * *
You block the troll's attack. The troll claws you but does no damage.
The boulder beetle bites you but does no damage.
You block the yak's attack.
You hit the boulder beetle. You headbutt the boulder beetle. You hit the yak.
You barely miss the troll. The troll bites you but does no damage.
You block the troll's attack. The troll claws you.
* * * LOW HITPOINT WARNING * * *
The boulder beetle bites you!
* * * LOW HITPOINT WARNING * * *
You block the yak's attack.
You hit the boulder beetle but do no damage.
You hit the troll. You hit the yak but do no damage.
You block the troll's attack. The troll claws you.
* * * LOW HITPOINT WARNING * * *
You block the troll's attack.
The boulder beetle bites you but does no damage.
The yak gores you but does no damage. You block the boulder beetle's attack.
You block the troll's attack. The troll claws you but does no damage.
The troll claws you!
You die...

# #.. ... ........##. .>
##. ...##...........
##.##.. ...............#
#......
.........!......###.##..
#.....>........#.......
.)........^...........
#..TY.........#....)
#@B........##..#.. #
##..............#.. ...
##...#.....(.....#.)
#....#..###...........))#
#...................###))
.......#............###<.
...#...#...........###...
## ####..............#...
#......)...##....##


You could see a boulder beetle, a yak and a troll.

Vanquished Creatures
  3 two-headed ogres
  A troll (D:8)
  Grinder (D:6)
  2 wraiths
  3 yaks (D:9)
  An orc warrior (D:9)
  2 black bears
  4 centaurs
  A kobold brigand (D:9)
  2 scorpions
  3 bullfrogs
  3 necrophages
  5 killer bees (D:8)
  3 electric eels (D:8)
  A howler monkey (D:4)
  6 orc priests
  Crazy Yiuf (D:2)
  2 gnoll boudas (D:7)
  9 hounds
  A jelly (D:6)
  Ijyb (D:5)
  An iguana (D:6)
  7 orc wizards
  A hound skeleton (D:7)
  A mummy (Ossuary)
  6 adders
  13 gnolls
  2 white imps (D:6)
  An ufetubus (D:4)
  2 worms
  24 orcs
  8 bats
  6 endoplasms (D:3)
  6 giant cockroaches
  9 gnoll skeletons (Ossuary)
  15 hobgoblins
  6 jackals
  11 kobolds
  2 quokkas
  6 ball pythons
  3 frilled lizards
  8 goblins
  3 kobold skeletons (Ossuary)
  13 orc skeletons (Ossuary)
  3 rats
212 creatures vanquished.

Notes
Turn   | Place    | Note
-------+----------+-------------------------------------------
     0 | D:1      | DavidChitty2 the Minotaur Fighter began the quest for the
                  | Orb.
     0 | D:1      | Reached XP level 1. HP: 19/19 MP: 0/0
   106 | D:1      | Reached XP level 2. HP: 20/27 MP: 1/1
   255 | D:1      | Reached skill level 3 in Axes
   603 | D:1      | Reached XP level 3. HP: 26/33 MP: 2/2
   993 | D:1      | Found a faded altar of an unknown god.
  1410 | D:2      | Identified the +7 whip of Makhleb's Condemnation {vorpal,
                  | Fly rPois rCorr Dex+4}
  1574 | D:2      | Found a burning altar of Makhleb.
  1841 | D:2      | Found a runed translucent door.
  1842 | D:2      | Noticed Crazy Yiuf
  2087 | D:2      | Killed Crazy Yiuf
  2088 | D:2      | Reached skill level 4 in Axes
  2088 | D:2      | Reached XP level 4. HP: 31/40 MP: 3/3
  2656 | D:3      | Reached XP level 5. HP: 39/47 MP: 4/4
  3061 | D:4      | Found a glowing golden altar of the Shining One.
  3091 | D:4      | Reached skill level 5 in Axes
  3358 | D:4      | Reached XP level 6. HP: 55/55 MP: 5/5
  3616 | D:4      | Reached skill level 5 in Armour
  3698 | D:5      | Entered Level 5 of the Dungeon
  3719 | D:5      | Reached skill level 5 in Fighting
  3719 | D:5      | Reached skill level 5 in Shields
  3907 | D:5      | Reached skill level 6 in Axes
  4017 | D:5      | Reached XP level 7. HP: 58/61 MP: 6/6
  4067 | D:5      | Found a bloodstained altar of Trog.
  4178 | D:5      | Noticed Ijyb
  4190 | D:5      | Killed Ijyb
  4378 | D:6      | Found a sand-covered staircase.
  4397 | Ossuary  | Entered an ossuary
  4397 | Ossuary  | Noticed a wraith
  4397 | Ossuary  | Noticed a wraith
  4397 | Ossuary  | Noticed a wraith
  4565 | Ossuary  | Noticed a wraith
  4603 | Ossuary  | Killed a wraith
  4604 | Ossuary  | Reached skill level 7 in Axes
  4885 | D:6      | Reached XP level 8. HP: 70/70 MP: 7/7
  4927 | D:6      | Noticed tilp's ghost (amateur MeFi)
  4928 | D:6      | Found a runed translucent door.
  5075 | D:6      | Noticed Grinder
  5082 | D:6      | Killed Grinder
  5309 | D:6      | Reached skill level 8 in Axes
  5407 | D:7      | Identified a scroll of acquirement
  5407 | D:7      | Acquired the amulet of Faaxzut {Acrobat Str+6 Int+6}
  5688 | D:7      | Found an opulent altar of Gozag.
  5740 | D:7      | Found a burning altar of Makhleb.
  5916 | D:7      | Found a staircase to the Ecumenical Temple.
  6002 | Temple   | Entered the Ecumenical Temple
  6405 | Temple   | Became a worshipper of Warmaster Okawaru
  6452 | D:7      | Reached skill level 9 in Axes
  6714 | D:7      | Found a shimmering blue altar of Sif Muna.
  7261 | D:8      | Noticed a troll
  7262 | D:8      | Found a staircase to the Lair.
  7278 | D:8      | Reached skill level 1 in Invocations
  7278 | D:8      | Reached XP level 9. HP: 64/79 MP: 8/8
  7302 | D:8      | Killed a troll
  7302 | D:8      | Reached * piety under Okawaru
  7494 | D:8      | Upgraded the game from 0.30-a0-475-g03497ec522 to
                  | 0.30-a0-509-gd016549fea
  7869 | D:8      | Reached skill level 10 in Axes
  8044 | D:8      | Noticed a two-headed ogre
  8051 | D:8      | Killed a two-headed ogre
  8051 | D:8      | Reached ** piety under Okawaru
  8409 | D:9      | Noticed a two-headed ogre
  8418 | D:9      | Killed a two-headed ogre
  8419 | D:9      | Reached XP level 10. HP: 90/90 MP: 11/11
  8527 | D:9      | Found a hide-covered altar of Uskayaw.
  8528 | D:9      | Found a hazy altar of Hepliaklqana.
  8528 | D:9      | Found a stormy altar of Qazlal.
  8546 | D:9      | Reached skill level 11 in Axes
  8573 | D:9      | Reached *** piety under Okawaru
  8659 | D:9      | Noticed a two-headed ogre
  8667 | D:9      | Killed a two-headed ogre
  8726 | D:9      | Noticed a boulder beetle
  8752 | D:9      | Slain by a troll

Illustrated notes

Levels and vault maps discovered:
D:1:      wander_arrival_desolate, layout_basic, serial_co_window_serial,
          co_window_corner_a, co_window_of_opportunity_a, co_window_paths_a,
          co_window_of_opportunity_a, co_window_of_opportunity_a,
          co_window_paths_a, co_window_corner_b, co_window_broadway_c,
          co_window_2corner, co_window_broadway_c, co_window_paths_e,
          glass_columns_a, glass_columns_b, shapermc_ecumenical_altar_petra
D:2:      layout_loops_ring, basic_altar, uniq_crazy_yiuf_cottage
D:3:      minmay_recursive_quarters, layout_basic, serial_glass,
          glass_columns_a, glass_columns_b, chequers_arboretum
D:4:      layout_basic, tso_metal_star
D:5:      layout_loops_ring, mainiacjoe_overflow_small_starburst, uniq_ijyb
D:6:      layout_loops_cross, hellmonk_ghost_happy_afterlife,
          nicolae_ossuary_entry_monument, dk_vineyard_2, feat_on_display,
          uniq_grinder
D:7:      layout_basic, mainiacjoe_overflow_paths, makhleb_blood_cavern_becter,
          nicolae_gozag_seed_capital, minmay_temple_entry_statues_fountains
D:8:      layout_basic, erik_lair_island, minmay_misc_feat_iff
D:9:      nzn_winding_woodlands_three_and_one [nzn_winding_woodlands_5x15_cabin,
          nzn_winding_woodlands_5x15_default,
          nzn_winding_woodlands_5x15_lazy_stream,
          nzn_winding_woodlands_center_garden], layout_cave_pools,
          chequers_temple_overflow_statue_of_worship, grunt_nemelex_the_gamble
Temple:   minmay_temple_forest_path

Skill      XL: |  1  2  3  4  5  6  7  8  9 10 |
---------------+-------------------------------+-----
Axes           | 3 4 5 6 7 9 10 11 | 11.6
Fighting       | 4 5 6 7 8 |  8.9
Armour         | 4 5 6 7 8 |  8.8
Shields        | 4 5 6 7 8 |  8.8
Invocations    | 1 3 4 |  4.2

Action                   |  1- 3 |  4- 6 |  7- 9 | 10-12 || total
-------------------------+-------+-------+-------+-------++-------
Melee: War axe           |    69 |       |    55 |     3 ||   127
       Headbutt          |     7 |    14 |    41 |    16 ||    78
       Whip              |    24 |   105 |   210 |    64 ||   403
  Use: Scroll            |       |       |    26 |       ||    26
       Potion            |       |       |     1 |     1 ||     2
Armor: Scale mail        |    28 |    41 |    61 |       ||   130
       Chain mail        |       |       |    69 |    44 ||   113
Dodge: Dodged            |    25 |    10 |    63 |    23 ||   121
Block: Buckler           |     3 |       |       |       ||     3
       Tower shield      |    57 |    79 |   283 |   110 ||   529

Table legend: (Time is in decaauts)
 A = Elapsed time spent in this place.
 B = Non-inter-level travel time spent in this place.
 C = Inter-level travel time spent in this place.
 D = Time resting spent in this place.
 E = Time spent auto-exploring this place.
 F = Levels seen in this place.
 G = Mean time per level.
                   A        B        C        D        E       F      G
               +--------+--------+--------+--------+--------+-----+--------+
         Total |   8922 |   8442 |    480 |    738 |   6131 |  11 |  811.1 |
       Dungeon |   8065 |   7653 |    412 |    633 |   5624 |   9 |  896.1 |
        Temple |    440 |    372 |     68 |      0 |    359 |   1 |  440.0 |
       Ossuary |    415 |    415 |      0 |    105 |    148 |   1 |  415.0 |
               +--------+--------+--------+--------+--------+-----+--------+

Top non-repeatable levels by time:
     D:8: 1330 daAuts
     D:1: 1329 daAuts
     D:7: 1103 daAuts
     D:2: 916 daAuts
     D:6: 818 daAuts
     D:3: 765 daAuts
     D:4: 762 daAuts
     D:5: 690 daAuts
  Temple: 440 daAuts
 Ossuary: 415 daAuts
     D:9: 347 daAuts
